 Dungeon Crawl Stone Soup version 0.30-a0-557-ge2afbf3030 (webtiles) character file.

Game seed: 9100320390063976744

112 MineK the Summoner (level 4, -2/32 HPs)
             Began as a Gnoll Wanderer on Dec 27, 2022.
             Slain by a white imp (5 damage)
             ... summoned by Natasha
             ... on level 3 of the Dungeon.
             The game lasted 00:13:29 (2238 turns).

MineK the Summoner (Gnoll Wanderer)                 Turns: 2238, Time: 00:13:29

Health: -2/32      AC:  2    Str:  8    XL:     4   Next: 95%
Magic:  11/11      EV: 11    Int: 15    God:
Gold:   88         SH:  4    Dex: 13    Spells: 12/13 levels left

rFire   + . .      SeeInvis .    l - +1 whip (distort)
rCold   . . .      Faith    .    a - +0 buckler
rNeg    . . .      Spirit   .    e - +0 robe
rPois   .          Reflect  .    (no helmet)
rElec   .          Harm     .    (no cloak)
rCorr   .          Rampage  .    (no gloves)
Will    .....                    (no boots)
Stlth   ++                       (no amulet)
HPRegen 0.25/turn                j - ring of protection from fire
MPRegen 0.12/turn                (no ring)

@: hasted and slowed
A: fangs 1, strong nose, distributed training
a: no special abilities


You were on level 3 of the Dungeon.
You visited 1 branch of the dungeon, and saw 3 of its levels.

You collected 88 gold pieces.

Inventory:

Hand Weapons
 l - a +1 whip of distortion (weapon)
Missiles
 b - 12 poisoned darts (quivered)
Armour
 a - a +0 buckler (worn)
 e - a +0 robe (worn)
Jewellery
 j - a ring of protection from fire (left hand)
Scrolls
 f - a scroll of brand weapon {unknown}
 g - a scroll of poison {unknown}
 h - a scroll of fear {unknown}
 i - a scroll of amnesia {unknown}
 k - 2 scrolls of enchant weapon {unknown}
 m - a scroll of identify {unknown}
Potions
 d - a potion of haste


   Skills:
 + Level 1.3 Fighting
 + Level 1.3 Short Blades
 + Level 1.3 Long Blades
 + Level 1.3 Axes
 + Level 1.3 Maces & Flails
 + Level 1.3 Polearms
 + Level 1.3 Staves
 + Level 1.3 Ranged Weapons
 + Level 6.6 Throwing
 + Level 1.3 Armour
 + Level 1.3 Dodging
 + Level 1.3 Stealth
 + Level 1.3 Shields
 + Level 1.3 Unarmed Combat
 + Level 5.1 Spellcasting
 + Level 1.1 Conjurations
 + Level 1.1 Hexes
 + Level 8.8 Summonings
 + Level 1.1 Necromancy
 + Level 1.1 Translocations
 + Level 1.1 Transmutations
 + Level 1.1 Fire Magic
 + Level 1.1 Ice Magic
 + Level 1.1 Air Magic
 + Level 1.1 Earth Magic
 + Level 1.1 Poison Magic
 + Level 1.5 Invocations
 + Level 1.3 Evocations


You had 12 spell levels left.
You knew the following spells:

 Your Spells              Type           Power      Damage    Failure   Level
a - Summon Small Mammal   Summ           100%       N/A       1%          1

Your spell library contained the following spells:

 Spells                   Type           Power      Damage    Failure   Level
 Call Imp                 Summ           30%        N/A       1%          2
 Summon Lightning Spire   Summ/Air       18%        N/A       26%         4


Dungeon Overview and Level Annotations

Branches:
Dungeon (3/15)

Altars:
Nemelex Xobeh

Annotations:
D:2 Sigmund
D:3 Natasha


Innate Abilities, Weirdness & Mutations

You have very sharp teeth.
Your uncanny sense of smell can sniff out nearby items.
Your experience applies equally to all skills.


Message History

Natasha is moderately wounded.
You feel less confused.
Natasha mumbles some strange words.
Natasha shimmers violently.
Natasha zaps a wand.
The bolt of light misses you.
You closely miss Natasha.
Natasha is moderately wounded.
Your quokka bites Natasha but does no damage.
Natasha zaps a wand.
The bolt of light hits you!
* * * LOW HITPOINT WARNING * * *
Your quokka bites Natasha.
You feel much better.
Natasha zaps a wand.
The bolt of light hits your quokka!
Your quokka dies!
Your quokka's corpse disappears in a puff of smoke!
Natasha hisses angrily.
You hit Natasha.
Space warps around Natasha.
Natasha is almost dead.
Natasha mumbles some strange words.
You hit Natasha but do no damage.
Natasha is almost dead.
Natasha casts a spell at you.
You feel yourself slow down. The white imp gestures at you.
The puff of frost hits you!
You barely miss Natasha.
Natasha is almost dead.
Natasha casts a spell at you. You resist with some effort.
The white imp hits you. The white imp freezes you. Natasha misses you.
You feel yourself speed up. The white imp barely misses you. Natasha claws you.
The white imp hits you.
* * * LOW HITPOINT WARNING * * *
The white imp freezes you.
* * * LOW HITPOINT WARNING * * *
You closely miss Natasha. Your bite misses Natasha.
Natasha is almost dead.
Natasha closely misses you. The white imp hits you.
* * * LOW HITPOINT WARNING * * *
The white imp freezes you.
You die...

#.# ∆ #.# #.# #.# ...#.#
∆ #.##.# ... #.##.# ...
#.##5# #.. #.##@#
#.#######.##h#
#####.#........#.#
...#.#.#####..#.#
###.#†#.#......#.###.###
............rh..........
###.#.#.########.###.###
#.#.#..! .... #.#^#####
##.###


You could see Natasha and a white imp (summoned).

Vanquished Creatures
  An adder (D:2)
  A goblin (D:1)
  A hobgoblin (D:3)
  A bat (D:1)
  A frilled lizard (D:1)
5 creatures vanquished.

Vanquished Creatures (collateral kills)
  Jessica (D:2)
  Natasha (D:3)
  A gnoll (D:1)
  2 adders (D:2)
  A dart slug (D:3)
  A bat (D:1)
  4 endoplasms
  2 goblins (D:1)
  4 hobgoblins (D:1)
  A ball python (D:1)
  2 frilled lizards (D:1)
  A rat (D:1)
21 creatures vanquished.

Vanquished Creatures (others)
  A plant (D:1)
1 creature vanquished.

Grand Total: 27 creatures vanquished

Notes
Turn   | Place    | Note
-------+----------+-------------------------------------------
     0 | D:1      | MineK the Gnoll Wanderer began the quest for the Orb.
     0 | D:1      | MineK set off with the following items: a +0 dagger, 12
                  | poisoned darts, a potion of lignification, a potion of
                  | haste, a +0 robe; and the following spell memorised: Summon
                  | Small Mammal; and the following spells available to
                  | memorise: Call Imp, Summon Lightning Spire.
     0 | D:1      | Reached XP level 1. HP: 13/13 MP: 6/6
   268 | D:1      | Found a faded altar of an unknown god.
   334 | D:1      | Reached XP level 2. HP: 19/19 MP: 4/7
   687 | D:1      | Reached skill level 5 in Spellcasting
   687 | D:1      | Reached XP level 3. HP: 25/25 MP: 5/9
  1058 | D:2      | Noticed Jessica
  1065 | D:2      | Killed Jessica
  1066 | D:2      | Reached skill level 1 in Fighting
  1066 | D:2      | Reached skill level 1 in Short Blades
  1066 | D:2      | Reached skill level 1 in Long Blades
  1066 | D:2      | Reached skill level 1 in Axes
  1066 | D:2      | Reached skill level 1 in Maces & Flails
  1066 | D:2      | Reached skill level 1 in Polearms
  1066 | D:2      | Reached skill level 1 in Staves
  1066 | D:2      | Reached skill level 1 in Ranged Weapons
  1066 | D:2      | Reached skill level 1 in Armour
  1066 | D:2      | Reached skill level 1 in Dodging
  1066 | D:2      | Reached skill level 1 in Stealth
  1066 | D:2      | Reached skill level 1 in Shields
  1066 | D:2      | Reached skill level 1 in Unarmed Combat
  1066 | D:2      | Reached skill level 1 in Invocations
  1066 | D:2      | Reached skill level 1 in Evocations
  1066 | D:2      | Found a sparkling altar of Nemelex Xobeh.
  1197 | D:2      | Reached XP level 4. HP: 27/32 MP: 6/11
  1273 | D:2      | Noticed Sigmund
  1315 | D:2      | Reached skill level 1 in Conjurations
  1315 | D:2      | Reached skill level 1 in Hexes
  1315 | D:2      | Reached skill level 1 in Necromancy
  1315 | D:2      | Reached skill level 1 in Translocations
  1315 | D:2      | Reached skill level 1 in Transmutations
  1315 | D:2      | Reached skill level 1 in Fire Magic
  1315 | D:2      | Reached skill level 1 in Ice Magic
  1315 | D:2      | Reached skill level 1 in Air Magic
  1315 | D:2      | Reached skill level 1 in Earth Magic
  1315 | D:2      | Reached skill level 1 in Poison Magic
  2095 | D:3      | Noticed Natasha
  2123 | D:3      | Killed Natasha
  2211 | D:3      | Noticed Natasha
  2238 | D:3      | Slain by a white imp

Illustrated notes

Levels and vault maps discovered:
D:1:      matt_arrival_spirals, layout_loops_ring,
          dreamdust_ecumenical_altar_grove, reono_crystal_passage
D:2:      layout_basic, basic_altar, uniq_jessica, uniq_sigmund
D:3:      layout_basic, uniq_natasha

Skill      XL: |  1  2  3  4 |
---------------+-------------+-----
Spellcasting   | 5 |  5.1
Fighting       | 1 |  1.3
Short Blades   | 1 |  1.3
Long Blades    | 1 |  1.3
Axes           | 1 |  1.3
Maces & Flails | 1 |  1.3
Polearms       | 1 |  1.3
Staves         | 1 |  1.3
Ranged Weapons | 1 |  1.3
Armour         | 1 |  1.3
Dodging        | 1 |  1.3
Stealth        | 1 |  1.3
Shields        | 1 |  1.3
Unarmed Combat | 1 |  1.3
Invocations    | 1 |  1.5
Evocations     | 1 |  1.3
Conjurations   | 1 |  1.1
Hexes          | 1 |  1.1
Necromancy     | 1 |  1.1
Translocations | 1 |  1.1
Transmutations | 1 |  1.1
Fire Magic     | 1 |  1.1
Ice Magic      | 1 |  1.1
Air Magic      | 1 |  1.1
Earth Magic    | 1 |  1.1
Poison Magic   | 1 |  1.1
Throwing       | |  6.6
Summonings     | |  8.8

Action                   |  1- 3 |  4- 6 || total
-------------------------+-------+-------++-------
Melee: Dagger            |    11 |     1 ||    12
       Bite              |     1 |       ||     1
       Whip              |       |    13 ||    13
 Cast: Summon Small Mamm |    24 |    25 ||    49
  Use: Potion            |       |     3 ||     3
 Stab: Sleeping          |     1 |       ||     1
Armor: Robe              |     2 |     4 ||     6
Dodge: Dodged            |    11 |    26 ||    37
Block: Buckler           |       |     1 ||     1

Table legend: (Time is in decaauts)
 A = Elapsed time spent in this place.
 B = Non-inter-level travel time spent in this place.
 C = Inter-level travel time spent in this place.
 D = Time resting spent in this place.
 E = Time spent auto-exploring this place.
 F = Levels seen in this place.
 G = Mean time per level.
                   A        B        C        D        E       F      G
               +--------+--------+--------+--------+--------+-----+--------+
         Total |   2246 |   2246 |      0 |    426 |   1100 |   3 |  748.7 |
       Dungeon |   2246 |   2246 |      0 |    426 |   1100 |   3 |  748.7 |
               +--------+--------+--------+--------+--------+-----+--------+

Top non-repeatable levels by time:
     D:1: 1361 daAuts
     D:2: 469 daAuts
     D:3: 415 daAuts
